 Dungeon Sprint DCSS version 0.17-a0-1748-g222fba8 (webtiles) character file.

800000 ztt the Portalist (level 14, -23/133 HPs)
             Began as a Ghoul Warper on Sept 1, 2015.
             Was a Follower of Makhleb.
             Annihilated by a bag of meat
             ... wielding a +9 war axe
              (38 damage)
             ... in the Dungeon (Sprint VIII: "Arena of Blood").
             The game lasted 00:00:15 (8 turns).

ztt the Portalist (Ghoul Warper)                       Turns: 8, Time: 00:00:15

Health: -23/133    AC:  3    Str: 16    XL:     14   Next: 8%
Magic:  2/30       EV: 18    Int:  8    God:    Makhleb [*.....]
Gold:   0          SH:  0    Dex: 12    Spells: 1 memorised, 38 levels left

rFire  . . .     SeeInvis .     k - +∞ Axe of Woe
rCold  + . .     Clarity  .     a - +0 leather armour
rNeg   + + +     SustAt   .     (no shield)
rPois  ∞         Gourm    .     (no helmet)
rElec  .         Spirit   .     (no cloak)
rCorr  .         Warding  .     (no gloves)
rMut   .         NoTele   +     (no boots)
MR     +....                    (no amulet)
Stlth  +.........               (no ring)
                                (no ring)

@: rotting, somewhat resistant to hostile enchantments, very unstealthy
A: rotting body, claws 1, carnivore 3, cold resistance 1, negative energy
resistance 3, slow healing 1, torment resistance, unbreathing
a: Renounce Religion


You were in the Dungeon.
You worshipped Makhleb.
Makhleb was aware of your devotion.
You were not hungry.

You visited 1 branch

Inventory:

Hand weapons
 k - the +∞ Axe of Woe (weapon)
   (You found it in the Dungeon)
Missiles
 d - 5 tomahawks of dispersal (quivered)
Armour
 a - a +0 leather armour (worn)
Scrolls
 c - 2 scrolls of blinking
Potions
 f - a potion of curing
 g - a potion of heal wounds
 h - a potion of haste
 i - 2 potions of magic
 j - a potion of berserk rage
Books
 b - a book of Spatial Translocations

   Spells                             Type                      Level
   a - Apportation                    Translocation                1
   b - Blink                          Translocation                2
   c - Shroud of Golubria             Charms/Translocation         2
   d - Portal Projectile              Translocation                3
   e - Teleport Other                 Translocation                3
   f - Passage of Golubria            Translocation                4
Comestibles
 e - a meat ration


   Skills:
 + Level 14.4 Fighting
 + Level 1.7 Axes
 + Level 4.8 Throwing
 + Level 3.7 Armour
 + Level 12.0 Dodging
 + Level 14.0 Unarmed Combat
 + Level 13.1 Spellcasting
 + Level 21.8 Translocations


You had 38 spell levels left.
You knew the following spells:

 Your Spells              Type           Power        Failure   Level  Hunger
a - Apportation           Tloc           #####.....   0%          1    None


Dungeon Overview and Level Annotations

Branches:
Dungeon (1/1)

Altars:
Makhleb


Innate Abilities, Weirdness & Mutations

Your body is rotting away.
You thrive on raw meat.
You are immune to poison.
You have sharp fingernails.
You are carnivorous and can eat meat at any time.
Your flesh is cold resistant.
You are immune to negative energy.
You heal slowly when monsters are visible.
You are immune to unholy pain and torment.
You can survive without breathing.


Message History

Unknown command.
Unknown command.
You hit the bag of meat.
You cleave the bag of meat in twain.
You kill the bag of meat!
Makhleb accepts your kill.
You can now gain health from killing.
Your Fighting skill increases to level 14!
Your Axes skill increases to level 1!
Your Dodging skill increases to level 12!
Your Unarmed Combat skill gained 2 levels and is now at level 14!
Your Spellcasting skill increases to level 13!
Your Translocations skill increases to level 21!
You have reached level 14!
You hear a shout! x6
The meat berserker appears out of thin air!
A meat berserker comes into view. It is wielding a +9 battleaxe.
You hear a shout! x2
The meat berserker rages.
You hear a shout!
The bag of meat hits you with a +9 war axe!!!
You die...

#.. ..# #.. ..#
.###.. ..###.
......###......
....._..... .
#..O..# ...
#_.<._# .
....o#.....#....
....o.o@_oo.....
.......###......
..###.. ..###.
#.. ..# #.. .#
... .o .... ..
.o..


You could see a meat berserker (berserk) and 6 bags of meat.

Vanquished Creatures
  An ogre (D)
  An orc (D)
2 creatures vanquished.

Notes
Turn   | Place    | Note
--------------------------------------------------------------
     0 | D        | ztt the Ghoul Warper began the quest for the Orb.
     0 | D        | Reached XP level 1. HP: 17/17 MP: 2/2
     3 | D        | Noticed a bag of meat
     3 | D        | Noticed a bag of meat
     3 | D        | Noticed a meat berserker
     4 | D        | Noticed a bag of meat
     4 | D        | Became a worshipper of Makhleb the Destroyer
     5 | D        | Noticed a bag of meat
     5 | D        | Noticed a bag of meat
     6 | D        | Noticed a bag of meat
     7 | D        | Killed a meat berserker
     7 | D        | Reached skill level 13 in Fighting
     7 | D        | Reached skill level 20 in Translocations
     7 | D        | Reached XP level 2. HP: 20/44 MP: 2/14
     7 | D        | Reached XP level 3. HP: 22/50 MP: 2/15
     7 | D        | Reached XP level 4. HP: 25/58 MP: 2/17
     7 | D        | Reached XP level 5. HP: 27/64 MP: 2/18
     7 | D        | Reached XP level 6. HP: 30/72 MP: 2/20
     7 | D        | Reached XP level 7. HP: 32/79 MP: 2/21
     7 | D        | Reached XP level 8. HP: 34/86 MP: 2/23
     7 | D        | Reached XP level 9. HP: 36/93 MP: 2/24
     7 | D        | Reached XP level 10. HP: 39/101 MP: 2/25
     7 | D        | Reached XP level 11. HP: 41/107 MP: 2/26
     7 | D        | Reached XP level 12. HP: 44/115 MP: 2/27
     7 | D        | Reached XP level 13. HP: 46/122 MP: 2/28
     8 | D        | Killed a bag of meat
     8 | D        | Acquired Makhleb's first power
     8 | D        | Reached skill level 1 in Axes
     8 | D        | Reached skill level 21 in Translocations
     8 | D        | Reached XP level 14. HP: 15/133 MP: 2/30
     8 | D        | Annihilated by a bag of meat

Vault maps used:
D:        meatsprint

Action                   |  1- 3 |  4- 6 |  7- 9 | 10-12 | 13-15 || total
-------------------------+-------+-------+-------+-------+-------++-------
Melee: Executioner's axe |     1 |       |       |       |     1 ||     2
